 Dungeon Crawl Stone Soup version 0.25-a0-634-gd1561dc703 (webtiles) character file.

Game seed: 4808825364141544100, levelgen mode: deterministic

65 DasRunzen the Poker (level 3, 0/30 HPs)
             Began as a Draconian Gladiator on Mar 20, 2020.
             Succumbed to an adder's poison
             ... on level 2 of the Dungeon.
             The game lasted 00:02:16 (567 turns).

DasRunzen the Poker (Draconian Gladiator)            Turns: 567, Time: 00:02:17

Health: 0/30       AC:  6    Str: 16    XL:     3   Next: 92%
Magic:  4/4        EV: 12    Int:  9    God:
Gold:   93         SH:  3    Dex: 12    Spells: 4/4 levels left

rFire    . . .     SeeInvis .   a - +0 trident
rCold    . . .     Gourm    .   f - +0 buckler
rNeg     . . .     Faith    .   (armour unavailable)
rPois    .         Spirit   .   b - +1 hat
rElec    .         Reflect  .   (no cloak)
rCorr    .         Harm     .   (no gloves)
MR       .....                  (no boots)
Stlth    +.........             (no amulet)
HPRegen  0.10/turn              (no ring)
MPRegen  0.09/turn              (no ring)

@: lethally poisoned (0 -> -1), flying
A: unfitting armour, cold-blooded, AC +5
a: no special abilities


You were on level 2 of the Dungeon.
You were not hungry.

You visited 1 branch of the dungeon, and saw 2 of its levels.

You collected 93 gold pieces.

Inventory:

Hand Weapons
 a - a +0 trident (weapon)
Missiles
 c - 3 throwing nets (quivered)
Armour
 b - a +1 hat (worn)
 f - a +0 buckler (worn)
Jewellery
 e - an uncursed amulet of the acrobat {unknown}
Comestibles
 d - 4 rations


   Skills:
 + Level 2.9 Fighting
 + Level 3.4 Polearms
 - Level 1.7 Throwing
 + Level 3.1 Dodging
 + Level 1.1 Shields
 + Level 1.2 Spellcasting


You had 4 spell levels left.
You didn't know any spells.
Your spell library was empty.

Dungeon Overview and Level Annotations

Branches:
Dungeon (2/15)

Altars:


Innate Abilities, Weirdness & Mutations

Your plain brown scales are hard. (AC +5)
You cannot fit into any form of body armour.
You are cold-blooded and may be slowed by cold attacks.


Message History

Natasha growls in agony!
Your Shields skill increases to level 1!
* * * LOW HITPOINT WARNING * * *
You feel sick.
The kobold throws a stone.
The stone hits you but does no damage.
It was a potion of flight.
You feel very buoyant.
You fly up into the air.
You are too injured to fight recklessly!
You hit the kobold.
You kill the kobold!
* * * LOW HITPOINT WARNING * * *
You feel sick.
* * * LOW HITPOINT WARNING * * *
You feel sick.
* * * LOW HITPOINT WARNING * * *
You feel sick.
* * * LOW HITPOINT WARNING * * *
You feel sick.
You die...

...........#
.........[.#
...........#
...........#
........5.# #...K.#
# #.#...## #.
...<#.###..#######
##.
.......@).........
.. ....#.#.##(######
##.# . #.....((.##
#..
##...##...#####.###.
#...###............
#..............####
.....###...###......
.##...#
#.#.###.####. ..
...#...#.####.


There were no monsters in sight!

Vanquished Creatures
  Natasha (D:2)
  An adder (D:2)
  A dart slug (D:1)
  A leopard gecko (D:1)
  6 hobgoblins
  4 jackals (D:2)
  4 kobolds
  4 bats
  3 goblins (D:1)
  3 rats (D:1)
28 creatures vanquished.

Notes
Turn   | Place    | Note
-------+----------+-------------------------------------------
     0 | D:1      | DasRunzen the Draconian Gladiator began the quest for the
                  | Orb.
     0 | D:1      | Reached XP level 1. HP: 17/17 MP: 1/1
   183 | D:1      | Reached XP level 2. HP: 25/25 MP: 2/2
   486 | D:2      | Reached XP level 3. HP: 20/30 MP: 4/4
   527 | D:2      | Noticed Natasha
   544 | D:2      | Reached skill level 1 in Spellcasting
   549 | D:2      | Killed Natasha
   549 | D:2      | Reached skill level 1 in Shields
   559 | D:2      | HP: 1/30 [poisoned by an adder]
   567 | D:2      | Succumbed to an adder's poison

Levels and vault maps discovered:
D:1:      lightli_arrival_lavapool, layout_rooms
D:2:      layout_rooms, uniq_natasha

Skill      XL: |  1  2  3 |
---------------+----------+-----
Dodging        | 3 |  3.1
Spellcasting   | 1 |  1.2
Shields        | 1 |  1.1
Fighting       | |  2.9
Polearms       | |  3.4
Throwing       | |  1.7

Action                   || total
-------------------------++-------
Melee: Trident           ||    83
       Tailslap          ||     7
  Use: Scroll            ||     5
       Potion            ||     1
Armor: Skin              ||    26
Dodge: Dodged            ||    50
Block: Buckler           ||     7

Table legend:
 A = Non-vault XP
 B = Vault XP
 C = Vault XP percentage of total XP
 D = Non-vault monster count
 E = Vault monster count
 F = Vault count percentage of total count
                 A         B        C        D         E       F
            +---------+---------+-------+---------+---------+-------
      Total |      58 |      35 |  37.6 |      27 |       1 |   3.6
            +---------+---------+-------+---------+---------+-------
        D:1 |      32 |       0 |   0.0 |      19 |       0 |   0.0
        D:2 |      26 |      35 |  57.4 |       8 |       1 |  11.1
            +---------+---------+-------+---------+---------+-------
